[Event "Titled Tuesday Blitz June 6 Early 2023"]
[White "Srebrnic, Marko"]
[Black "Fajdetic, Hrvoje"]
[WhiteFideId "14603616"]
[BlackFideId "14501945"]
[WhiteElo "2341"]
[BlackElo "2185"]
[Result "0-1"]
[Round "10"]
[TimeControl "180+2"]
[Date "2023.06.06"]
[WhiteClock "0:00:06"]
[BlackClock "0:00:06"]
[Board "94"]

1. e4 e6 2. d4 d5 3. Nc3 dxe4 4. Nxe4 Nd7 5. Nf3 Ngf6 6. Bg5 Be7 7. Nxf6+ Bxf6 8. h4 h6 9. Bxf6 Qxf6 10. Bd3 c5 11. Qe2 cxd4 12. O-O-O a5 13. g4 a4 14. g5 Qf4+ 15. Kb1 a3 16. g6 O-O 17. Rhg1 Nc5 18. gxf7+ Qxf7 19. Bg6 Qxf3 20. Qc4 Qd5 21. Qb4 Ra4 22. Qb5 axb2 23. Qxb2 Bd7 24. c3 d3 25. Rg3 Rfa8 26. Rdg1 Rxa2 27. Bh7+ Kh8 28. Rg4 Rxb2+ 29. Kxb2 Qa2+ 30. Kc1 Qc2# 0-1


[Site "https://www.chess.com"]

[Event "Titled Tuesday Blitz June 6 Early 2023"]
[White "Baraeva, Irina"]
[Black "Turzo, Attila"]
[WhiteFideId "24142565"]
[BlackFideId "704954"]
[WhiteElo "2085"]
[BlackElo "2477"]
[Result "0-1"]
[Round "10"]
[TimeControl "180+2"]
[Date "2023.06.06"]
[WhiteClock "0:00:42"]
[BlackClock "0:01:31"]
[Board "95"]

1. d4 Nf6 2. c4 g6 3. Nc3 Bg7 4. e4 d6 5. Be2 O-O 6. Nf3 e5 7. O-O Nc6 8. d5 Ne7 9. Ne1 Ne8 10. Be3 f5 11. f3 f4 12. Bf2 g5 13. Nd3 h5 14. c5 Rf6 15. cxd6 cxd6 16. Rc1 Rg6 17. h3 g4 18. fxg4 hxg4 19. hxg4 Nf6 20. Bh4 Nxg4 21. Bxg4 Bxg4 22. Qd2 Bh3 23. Rf2 Qd7 24. Bxe7 Qxe7 25. Ne1 Bf6 26. Kf1 Bd7 27. Nf3 Bh4 28. Nxh4 Qxh4 29. Qd3 Qh1+ 30. Ke2 Qxc1 31. Qf3 Bg4 0-1


[Site "https://www.chess.com"]

[Event "Titled Tuesday Blitz June 6 Early 2023"]
[White "LangesNasenhaar"]
[Black "Goswami, Vedant"]
[BlackFideId "5003725"]
[WhiteElo "2473"]
[BlackElo "2011"]
[Result "0-1"]
[Round "10"]
[TimeControl "180+2"]
[Date "2023.06.06"]
[WhiteClock "0:00:05"]
[BlackClock "0:00:15"]
[Board "96"]

1. d4 a6 2. g3 d5 3. Bg2 Nf6 4. Nf3 g6 5. O-O Bg7 6. c4 O-O 7. cxd5 Nxd5 8. e4 Nb6 9. Nc3 Nc6 10. d5 Na5 11. h3 c6 12. Be3 Nac4 13. Bd4 e5 14. Bxb6 Nxb6 15. dxc6 bxc6 16. Rc1 Be6 17. b3 a5 18. Qc2 Qe7 19. h4 h6 20. Kh2 Rfd8 21. Bh3 Bf8 22. Bxe6 Qxe6 23. Na4 Nxa4 24. bxa4 Ba3 25. Rcd1 Bb4 26. Kg2 c5 27. Nd2 Rd4 28. Nb3 Rad8 29. Nxd4 exd4 30. Qe2 c4 31. e5 d3 32. Qe4 Qd5 33. Kf3 d2 34. Qxd5 Rxd5 35. Ke4 Rd8 0-1


[Site "https://www.chess.com"]

[Event "Titled Tuesday Blitz June 6 Early 2023"]
[White "Manon-og, Ramon Jr."]
[Black "Ismayil, Malak"]
[WhiteFideId "5200776"]
[BlackFideId "13412604"]
[WhiteElo "2382"]
[BlackElo "1868"]
[Result "0-1"]
[Round "10"]
[TimeControl "180+2"]
[Date "2023.06.06"]
[WhiteClock "0:00:02"]
[BlackClock "0:00:31"]
[Board "97"]

1. e4 e5 2. Nf3 Nc6 3. Bc4 Bc5 4. c3 Nf6 5. d4 exd4 6. e5 d5 7. Bb5 Ne4 8. cxd4 Bb6 9. Be3 O-O 10. Nc3 Ba5 11. Qb3 Ne7 12. O-O Bxc3 13. bxc3 c6 14. Bd3 Bf5 15. Qxb7 Nxc3 16. Bxf5 Nxf5 17. Qxc6 Rc8 18. Qa6 Rc4 19. Qxa7 h6 20. a4 Re8 21. a5 Re7 22. Qb6 Qxb6 23. axb6 Rb7 24. Ra8+ Kh7 25. Ra7 Rxa7 26. bxa7 Ra4 27. h3 Rxa7 28. Kh2 Ra2 29. Rc1 Ne4 30. Rc7 Kg6 31. Rd7 Nc3 32. Rc7 Nd1 33. Rd7 Ndxe3 34. fxe3 Nxe3 35. Nh4+ Kh5 36. Nf3 Rxg2+ 37. Kh1 Rg3 38. Rxf7 Rxh3+ 39. Kg1 Kg6 40. e6 Nc4 41. Ne5+ Nxe5 42. dxe5 Re3 0-1


[Site "https://www.chess.com"]

[Event "Titled Tuesday Blitz June 6 Early 2023"]
[White "Camacho Collados, Jose"]
[Black "Garcia Cuenca, Victor"]
[WhiteFideId "2265427"]
[BlackFideId "2250829"]
[WhiteElo "2212"]
[BlackElo "2329"]
[Result "0-1"]
[Round "10"]
[TimeControl "180+2"]
[Date "2023.06.06"]
[WhiteClock "0:00:05"]
[BlackClock "0:00:16"]
[Board "98"]

1. e4 g6 2. d4 Bg7 3. f4 d6 4. Nf3 c6 5. Bd3 Nf6 6. O-O O-O 7. c3 a5 8. e5 Nd5 9. a3 a4 10. c4 Nc7 11. Nc3 Bg4 12. Be3 Ne6 13. d5 Nc7 14. exd6 Qxd6 15. h3 Bxf3 16. Qxf3 Bxc3 17. bxc3 cxd5 18. f5 Nc6 19. Bf4 Qc5+ 20. Kh2 dxc4 21. Be4 Nb5 22. Bh6 Nd6 23. Bxf8 Rxf8 24. fxg6 hxg6 25. Bxg6 Ne5 26. Bh7+ Kxh7 27. Qh5+ Kg7 28. Qg5+ Kh7 29. Qxe7 Ng6 30. Qf6 Qe5+ 31. Kg1 Qxf6 32. Rxf6 Ne4 33. Rf3 Ne5 34. Re3 f5 35. g4 Nd3 36. gxf5 Rg8+ 37. Kh2 Nd2 38. Re7+ Kh6 39. Re6+ Kh5 40. Rg6 Rf8 0-1


[Site "https://www.chess.com"]

[Event "Titled Tuesday Blitz June 6 Early 2023"]
[White "Georg, Heinz"]
[Black "Zaitsev, Alexander"]
[WhiteFideId "4607295"]
[BlackFideId "4164490"]
[WhiteElo "2334"]
[BlackElo "2373"]
[Result "0-1"]
[Round "10"]
[TimeControl "180+2"]
[Date "2023.06.06"]
[WhiteClock "0:00:02"]
[BlackClock "0:00:08"]
[Board "99"]

1. e4 c5 2. Nf3 g6 3. d4 cxd4 4. Qxd4 Nf6 5. e5 Nc6 6. Qf4 Nd5 7. Qe4 Nb6 8. c4 d5 9. exd6 Bf5 10. Qe3 Bg7 11. c5 Nd5 12. Qb3 Ndb4 13. Na3 exd6 14. Bb5 dxc5 15. Bxc6+ bxc6 16. O-O O-O 17. Be3 Qe7 18. Rac1 Nd3 19. Bxc5 Nxc5 20. Qb4 Rab8 21. Qxc5 Qxc5 22. Rxc5 Rxb2 23. Rxc6 Rxa2 24. Nb5 Bd7 25. Rc5 Ra5 26. Rb1 Rb8 27. Rd1 Bxb5 28. h4 h6 29. Kh2 a6 30. g4 Ra4 31. Kh3 Ra3 32. Kg2 Be2 33. Rdc1 Bxf3+ 34. Kh2 Bf8 35. R5c2 Bd6+ 36. Kg1 Bxg4 37. f3 Bxf3 38. Kf2 Be4 39. Re2 f5 40. Rd1 Rb6 41. Red2 Bc5+ 42. Kf1 Rf3+ 0-1


[Site "https://www.chess.com"]

[Event "Titled Tuesday Blitz June 6 Early 2023"]
[White "Jovic, Stanoje"]
[Black "Pavlidou, Ekaterini"]
[WhiteFideId "905020"]
[BlackFideId "4213262"]
[WhiteElo "2236"]
[BlackElo "2126"]
[Result "1-0"]
[Round "10"]
[TimeControl "180+2"]
[Date "2023.06.06"]
[WhiteClock "0:01:08"]
[BlackClock "0:01:42"]
[Board "100"]

1. c4 e5 2. g3 Nc6 3. Bg2 g6 4. Nc3 Bg7 5. Nf3 d6 6. O-O Nge7 7. d3 h6 8. Rb1 Be6 9. b4 Qd7 10. b5 Nd8 11. e4 f5 12. Nd5 O-O 13. Nh4 Bxd5 14. cxd5 f4 15. gxf4 exf4 16. Bb2 g5 17. Bxg7 Kxg7 18. Nf5+ Nxf5 19. exf5 Qxf5 20. Be4 Qf6 21. f3 Nf7 22. Rc1 Rac8 23. Qa4 a5 24. bxa6 bxa6 25. Rc6 Ne5 26. Rxa6 g4 27. d4 gxf3 28. Kh1 Ng4 29. Qd7+ Kh8 30. Qh7# 1-0


[Site "https://www.chess.com"]

[Event "Titled Tuesday Blitz June 6 Early 2023"]
[White "KorolDimitriy75"]
[Black "Zaksaite, Salomeja"]
[BlackFideId "12801496"]
[WhiteElo "2456"]
[BlackElo "2059"]
[Result "1-0"]
[Round "10"]
[TimeControl "180+2"]
[Date "2023.06.06"]
[WhiteClock "0:00:08"]
[BlackClock "0:00:02"]
[Board "101"]

1. d4 Nf6 2. c4 g6 3. Nc3 Bg7 4. e4 d6 5. Nf3 O-O 6. Be2 Nbd7 7. O-O e5 8. Re1 Qe7 9. Bf1 c6 10. Rb1 a6 11. b4 b5 12. a4 bxc4 13. Bxc4 exd4 14. Nxd4 Ne5 15. Bf1 c5 16. Nc2 Bg4 17. f3 Be6 18. Be3 Rfc8 19. Qd2 cxb4 20. Nxb4 Nc4 21. Bxc4 Rxc4 22. Nbd5 Nxd5 23. Nxd5 Bxd5 24. Qxd5 Rac8 25. a5 Rc3 26. Bf2 Qe6 27. Red1 Qxd5 28. Rxd5 Rc1+ 29. Rd1 Rxb1 30. Rxb1 Bc3 31. Bb6 Kf8 32. Kf2 Ke7 33. Ke3 Kd7 34. Rd1 Bb4 35. Rd5 Rc3+ 36. Kf4 Rc2 37. Kg3 Be1+ 38. Kh3 h5 39. e5 Ke6 40. Rxd6+ Kxe5 41. Rd7 Ke6 42. Ra7 g5 43. Rxa6 g4+ 44. fxg4 h4 45. Bf2+ Ke5 46. Bxe1 Re2 47. Bxh4 Ke4 48. Bg3 1-0


[Site "https://www.chess.com"]

[Event "Titled Tuesday Blitz June 6 Early 2023"]
[White "Ramirez Vido, Robert Yorisan"]
[Black "Yanayt, Eugene"]
[WhiteFideId "3513823"]
[BlackFideId "2020165"]
[WhiteElo "2455"]
[BlackElo "2083"]
[Result "0-1"]
[Round "10"]
[TimeControl "180+2"]
[Date "2023.06.06"]
[WhiteClock "0:00:01"]
[BlackClock "0:01:57"]
[Board "102"]

1. f4 d5 2. Nf3 g6 3. g3 Bg7 4. Bg2 c5 5. d3 b6 6. O-O Bb7 7. c3 Nc6 8. e4 dxe4 9. dxe4 Nf6 10. Na3 Ba6 11. Qa4 Qc8 12. e5 Nd5 13. Ng5 e6 14. c4 Nb4 15. Bd2 O-O 16. Bxb4 Nxb4 17. Bxa8 Qxa8 18. Nc2 Bxc4 19. Rf2 b5 20. Qa3 h6 21. Nf3 Nd3 22. Rff1 Qe4 23. Nce1 Nb4 24. Rf2 Bd5 25. Qc3 g5 26. fxg5 hxg5 27. Rd1 g4 0-1


[Site "https://www.chess.com"]

[Event "Titled Tuesday Blitz June 6 Early 2023"]
[White "Sanhueza, Cristian"]
[Black "Antonio, Jorge Carlos"]
[WhiteFideId "116815"]
[BlackFideId "113190"]
[WhiteElo "2174"]
[BlackElo "2247"]
[Result "1-0"]
[Round "10"]
[TimeControl "180+2"]
[Date "2023.06.06"]
[WhiteClock "0:01:43"]
[BlackClock "0:00:02"]
[Board "103"]

1. e4 c5 2. Nf3 e6 3. d4 cxd4 4. Nxd4 a6 5. Be2 Nc6 6. O-O Qc7 7. Kh1 Nf6 8. Nc3 Bb4 9. Bg5 Bxc3 10. Bxf6 Bxd4 11. Bxd4 Nxd4 12. Qxd4 O-O 13. c4 b6 14. e5 Bb7 15. Rad1 Rfd8 16. f4 Bc6 17. Bf3 g6 18. Qd6 Qxd6 19. Rxd6 Bxf3 20. Rxf3 Rab8 21. Rfd3 Rb7 22. Kg1 Kf8 23. Kf2 Ke7 24. Ke3 Rc8 25. b3 a5 26. g4 Rc6 27. Rxc6 dxc6 28. Rd6 b5 29. Rxc6 bxc4 30. Rxc4 Rb5 31. Kd4 Rd5+ 32. Ke4 Rd2 33. Ra4 Rxh2 34. Rxa5 Re2+ 35. Kf3 Rb2 36. Ra7+ Kf8 37. Ra4 h6 38. b4 Ke8 39. a3 Kd7 40. Ra7+ Ke8 41. Ra5 Kd7 42. b5 Kc7 43. a4 Kb7 44. Ra6 Rb3+ 45. Ke4 Rb4+ 46. Ke3 Rb3+ 47. Ke2 Rb4 48. Ke3 Rb3+ 49. Kd2 Rb4 50. f5 Rxg4 51. fxe6 fxe6 52. a5 h5 53. Rxe6 h4 54. Re7+ Kb8 55. a6 Ka8 56. b6 Rd4+ 57. Ke3 Rd8 58. Ra7+ 1-0


[Site "https://www.chess.com"]

[Event "Titled Tuesday Blitz June 6 Early 2023"]
[White "Lacasa Diaz, Jose Antonio"]
[Black "mohsengabr2002"]
[WhiteFideId "2203375"]
[WhiteElo "2338"]
[BlackElo "2259"]
[Result "1-0"]
[Round "10"]
[TimeControl "180+2"]
[Date "2023.06.06"]
[WhiteClock "0:01:48"]
[BlackClock "0:01:41"]
[Board "104"]

1. d4 f6 2. e4 g6 3. Nc3 e6 4. h4 Nh6 5. h5 g5 6. g4 Bg7 7. f3 O-O 8. Bc4 c6 9. d5 b5 10. Bb3 a5 11. a4 b4 12. Nce2 Kh8 13. dxe6 dxe6 14. Qxd8 Rxd8 15. Be3 Na6 16. Bb6 Re8 17. O-O-O Bf8 18. Nh3 Nc5 19. Nd4 Nxb3+ 20. Nxb3 Ba6 21. Rd2 Reb8 22. Bd4 e5 23. Bc5 Bc4 24. Bxf8 Rxf8 25. Nc5 Rf7 26. b3 Ba6 27. Rhd1 Kg7 28. Rd8 Raa7 29. R1d2 Bf1 30. Ne6# 1-0


[Site "https://www.chess.com"]

[Event "Titled Tuesday Blitz June 6 Early 2023"]
[White "Aloma Vidal, Robert"]
[Black "Afanasieva, Alexandra"]
[WhiteFideId "2260409"]
[BlackFideId "34126926"]
[WhiteElo "2435"]
[BlackElo "1736"]
[Result "1-0"]
[Round "10"]
[TimeControl "180+2"]
[Date "2023.06.06"]
[WhiteClock "0:02:03"]
[BlackClock "0:00:44"]
[Board "105"]

1. e4 c5 2. c3 d5 3. exd5 Qxd5 4. d4 Nf6 5. Nf3 e6 6. Na3 Nc6 7. Be3 cxd4 8. Nb5 Qd7 9. Nbxd4 Be7 10. Nxc6 Qxc6 11. Ne5 Qc7 12. Qa4+ Kf8 13. Nf3 Bd7 14. Qb3 Bc6 15. Be2 Nd5 16. Bd2 h5 17. O-O g6 18. c4 Nf4 19. Bd1 Rd8 20. Bc3 Rd3 21. Qc2 Rg8 22. Be5 Bd6 23. Bxf4 1-0


[Site "https://www.chess.com"]

[Event "Titled Tuesday Blitz June 6 Early 2023"]
[White "Do Nascimento,Christian Almeida"]
[Black "Sovetbekova, Nurai"]
[WhiteFideId "2143801"]
[BlackFideId "13801910"]
[WhiteElo "2078"]
[BlackElo "1857"]
[Result "1-0"]
[Round "10"]
[TimeControl "180+2"]
[Date "2023.06.06"]
[WhiteClock "0:01:31"]
[BlackClock "0:00:47"]
[Board "106"]

1. d4 Nf6 2. Bg5 d5 3. Bxf6 exf6 4. e3 Bd6 5. c4 dxc4 6. Bxc4 O-O 7. Nc3 c5 8. Nge2 Nc6 9. O-O cxd4 10. Nxd4 Ne5 11. Be2 a6 12. Nf3 Nc6 13. Qd2 Be6 14. Rfd1 Bb4 15. Nd4 Nxd4 16. Qxd4 Qe7 17. Bf3 Rfd8 18. Nd5 Bxd5 19. Bxd5 Bc5 20. Qe4 Qd6 21. Bxf7+ Kxf7 22. Rxd6 1-0


[Site "https://www.chess.com"]

[Event "Titled Tuesday Blitz June 6 Early 2023"]
[White "Mejia, Cherry Ann"]
[Black "Bruedigam, Martin"]
[WhiteFideId "5206880"]
[BlackFideId "24608033"]
[WhiteElo "2007"]
[BlackElo "2331"]
[Result "1/2-1/2"]
[Round "10"]
[TimeControl "180+2"]
[Date "2023.06.06"]
[WhiteClock "0:00:10"]
[BlackClock "0:00:58"]
[Board "107"]

1. e4 c6 2. d4 d5 3. Nd2 dxe4 4. Nxe4 Bf5 5. Ng3 Bg6 6. Nf3 Nd7 7. h4 h6 8. h5 Bh7 9. Bd3 Bxd3 10. Qxd3 e6 11. Bd2 Ngf6 12. O-O-O Be7 13. Ne4 Nxe4 14. Qxe4 Nf6 15. Qe2 Qd5 16. c4 Qe4 17. Qxe4 Nxe4 18. Be3 f5 19. Ne5 Bg5 20. f4 Bf6 21. g4 O-O-O 22. Nf7 Rhf8 23. Nxd8 Kxd8 24. d5 exd5 25. cxd5 c5 26. d6 Kd7 27. Rd5 b6 28. Rxf5 Ng3 29. Rxf6 Rxf6 30. Re1 Kxd6 31. Bf2 Nf5 32. gxf5 Rxf5 33. Bg3 Rxh5 34. Re8 Rh3 35. Be1 g5 36. fxg5 hxg5 37. Rg8 Rh5 38. Bd2 Kc6 39. Bxg5 Kb5 40. Bd2 a5 41. Rg6 a4 42. a3 Rd5 43. Kc2 Rf5 44. Rg3 Rf2 45. Kd3 Rf5 46. Be3 Rf6 47. Kc3 Rd6 48. Rg4 Re6 49. Bd2 Rd6 50. Kc2 Re6 51. Bc3 Rd6 52. b3 axb3+ 53. Kxb3 Ka6 54. Rg8 Rh6 55. Ra8+ Kb7 56. Rg8 Rh4 57. a4 Re4 58. Rg6 Rf4 59. Be5 Rb4+ 60. Ka3 Re4 61. Bg3 Re3+ 62. Kb2 Re4 63. Kb3 Re3+ 64. Kc4 Re4+ 65. Kb3 Re3+ 66. Kb2 Re2+ 67. Kc3 Re3+ 68. Kb2 1/2-1/2


[Site "https://www.chess.com"]

[Event "Titled Tuesday Blitz June 6 Early 2023"]
[White "Sargissyan, Sargis"]
[Black "Khromkin, Andrey"]
[WhiteFideId "13303210"]
[BlackFideId "4154126"]
[WhiteElo "2109"]
[BlackElo "2439"]
[Result "0-1"]
[Round "10"]
[TimeControl "180+2"]
[Date "2023.06.06"]
[WhiteClock "0:00:06"]
[BlackClock "0:00:11"]
[Board "108"]

1. e4 c5 2. Nc3 Nc6 3. Bb5 g6 4. f4 Nd4 5. Bc4 e6 6. Nf3 Ne7 7. O-O d5 8. exd5 exd5 9. Nxd4 cxd4 10. Bb5+ Bd7 11. Bxd7+ Qxd7 12. Ne2 Bg7 13. d3 O-O 14. Ng3 Nf5 15. Qg4 Rac8 16. Nxf5 Qxf5 17. Qxf5 gxf5 18. Rf2 Rc6 19. b3 Rfc8 20. Ba3 Rxc2 21. Rxc2 Rxc2 22. Re1 Bf6 23. Re8+ Kg7 24. Bf8+ Kg6 25. Bb4 Rxa2 26. Rg8+ Kh5 27. h3 Rb2 28. Be1 Rxb3 29. g4+ fxg4 30. hxg4+ Kh6 31. g5+ Bxg5 32. fxg5+ Kh5 33. Rg7 Rxd3 34. Kg2 b5 35. Rxf7 a5 36. Bxa5 Kxg5 37. Rxh7 Kf5 38. Re7 Re3 39. Rd7 Ke4 40. Kf2 Ra3 41. Bb4 Ra2+ 42. Ke1 Rb2 43. Ba5 Ke3 44. Kd1 Ra2 45. Bb4 Ke4 46. Rh7 Kd3 47. Rh3+ Kc4 48. Bd6 b4 49. Kc1 b3 50. Kb1 Re2 51. Kc1 d3 52. Bf8 Rc2+ 53. Kb1 d2 54. Rh1 d4 55. Ba3 d3 56. Bb2 Kd5 57. Rc1 dxc1=Q+ 0-1


[Site "https://www.chess.com"]

[Event "Titled Tuesday Blitz June 6 Early 2023"]
[White "Llanos, Guillermo"]
[Black "Womacka, Mathias"]
[WhiteFideId "100358"]
[BlackFideId "4611390"]
[WhiteElo "2210"]
[BlackElo "2377"]
[Result "1-0"]
[Round "10"]
[TimeControl "180+2"]
[Date "2023.06.06"]
[WhiteClock "0:00:13"]
[BlackClock "0:00:15"]
[Board "109"]

1. Nf3 c5 2. g3 Nc6 3. Bg2 g6 4. d4 cxd4 5. Nxd4 Bg7 6. Nxc6 bxc6 7. O-O Nf6 8. c4 O-O 9. Nc3 Qc7 10. Qc2 d6 11. e4 Be6 12. b3 a5 13. Bf4 Nh5 14. Be3 a4 15. Rac1 axb3 16. axb3 Nf6 17. h3 Nd7 18. Qd2 Rfb8 19. Rb1 Ra3 20. Nd5 cxd5 21. cxd5 Bxh3 22. Bxh3 Raxb3 23. Rxb3 Rxb3 24. Rc1 Qb7 25. Qa5 Rb1 26. Bxd7 Rxc1+ 27. Bxc1 h5 28. Qd8+ Kh7 29. Qxe7 Qb1 30. Qg5 Qxe4 31. Bc6 f6 32. Qf4 Qe1+ 33. Kg2 g5 34. Qf5+ Kh6 35. Be3 Qc3 36. Be8 Qe5 37. Qg6# 1-0


[Site "https://www.chess.com"]

[Event "Titled Tuesday Blitz June 6 Early 2023"]
[White "Ziatdinov, Raset"]
[Black "Makhmudov, Shukhrat"]
[WhiteFideId "2015323"]
[BlackFideId "14200775"]
[WhiteElo "2220"]
[BlackElo "2135"]
[Result "0-1"]
[Round "10"]
[TimeControl "180+2"]
[Date "2023.06.06"]
[WhiteClock "0:01:14"]
[BlackClock "0:01:35"]
[Board "110"]

1. e4 e5 2. Nf3 Nc6 3. Bb5 a6 4. Ba4 Nf6 5. O-O Be7 6. Re1 b5 7. Bb3 O-O 8. c3 d5 9. exd5 Nxd5 10. Nxe5 Nxe5 11. Rxe5 c6 12. d4 Bd6 13. Re1 Qh4 14. g3 Qh3 15. Qf3 Bg4 16. Qg2 Qh5 17. Nd2 Rae8 18. Re4 Bh3 19. Qh1 f5 20. Re3 f4 21. Rxe8 Rxe8 22. Nf3 Qxf3 23. Bxd5+ cxd5 24. Bxf4 Qxh1+ 25. Kxh1 Bxf4 26. gxf4 Re2 0-1


[Site "https://www.chess.com"]

[Event "Titled Tuesday Blitz June 6 Early 2023"]
[White "Topalov, Aleksandar"]
[Black "Vifleemskaia, Svetlana"]
[WhiteFideId "925659"]
[BlackFideId "4129490"]
[WhiteElo "2151"]
[BlackElo "1930"]
[Result "1-0"]
[Round "10"]
[TimeControl "180+2"]
[Date "2023.06.06"]
[WhiteClock "0:00:03"]
[BlackClock "0:00:02"]
[Board "111"]

1. b3 e5 2. Bb2 Nc6 3. c4 Nf6 4. e3 e4 5. a3 a5 6. Qc2 Bc5 7. Nc3 Qe7 8. Nd5 Nxd5 9. cxd5 Nb8 10. Bxg7 Rg8 11. Bb2 f5 12. Ne2 Qf7 13. Nf4 d6 14. g3 Bb6 15. Be2 Ke7 16. Bh5 Qf8 17. O-O-O Na6 18. Kb1 Bd7 19. d3 exd3 20. Qxd3 Nc5 21. Qc2 Ne4 22. Bf3 Nc5 23. Rhe1 Re8 24. Ka2 Kd8 25. Bd4 Kc8 26. Nd3 Kb8 27. Rc1 Nxd3 28. Qxd3 Bxd4 29. Qxd4 Qg7 30. Qxg7 Rxg7 31. Rc4 Bb5 32. Rf4 Re5 33. Rc1 Rge7 34. Kb2 a4 35. bxa4 Bd3 36. Kc3 Be4 37. Rd1 Bxf3 38. Rxf3 Re4 39. Rf4 Rxf4 40. exf4 Re4 41. Rd4 Re2 42. Rd2 Re4 43. f3 Re3+ 44. Rd3 Re2 45. Rd2 Re3+ 46. Kb4 Rxf3 47. Re2 Ka7 48. Re7 Kb6 49. Rxh7 Rd3 50. Rf7 Rxd5 51. h4 c5+ 52. Kb3 Rd3+ 53. Kb2 Rxg3 54. Rxf5 Rh3 55. h5 Kc6 56. Rf6 Rxh5 57. f5 Rh4 58. Rf7 Rxa4 59. f6 Rf4 60. Rf8 Kb6 61. f7 d5 62. Kc2 d4 63. Kd2 Rf2+ 64. Kd3 Rf3+ 65. Ke4 Rf1 66. Kd5 d3 67. Ke6 d2 68. Rd8 d1=Q 69. Rxd1 Rxd1 70. f8=Q Re1+ 71. Kd5 Rd1+ 72. Kc4 Rd4+ 73. Kb3 Kb5 74. Qe8+ Kb6 75. Qe6+ Kb5 76. Qc8 b6 77. a4+ 1-0


[Site "https://www.chess.com"]

[Event "Titled Tuesday Blitz June 6 Early 2023"]
[White "Gatterer, Florian"]
[Black "Rosh Jain"]
[WhiteFideId "811688"]
[BlackFideId "25789465"]
[WhiteElo "2221"]
[BlackElo "2233"]
[Result "1/2-1/2"]
[Round "10"]
[TimeControl "180+2"]
[Date "2023.06.06"]
[WhiteClock "0:00:05"]
[BlackClock "0:00:03"]
[Board "112"]

1. b3 d5 2. Bb2 e6 3. Nf3 Nf6 4. g3 Be7 5. Bg2 O-O 6. O-O c5 7. c4 d4 8. e3 Nc6 9. exd4 cxd4 10. d3 e5 11. Re1 Bd6 12. Nbd2 Bf5 13. Bf1 Re8 14. Ng5 Nb4 15. Nge4 Bc7 16. Nxf6+ Qxf6 17. Ne4 Qg6 18. a3 Nc6 19. b4 Bxe4 20. Rxe4 f5 21. Re1 a6 22. Bg2 Rad8 23. Bf3 Re7 24. Bd5+ Kh8 25. b5 axb5 26. Bxc6 bxc6 27. cxb5 cxb5 28. Qb3 Qb6 29. a4 bxa4 30. Qxb6 Bxb6 31. Rxa4 e4 32. Kg2 h6 33. h4 Rdd7 34. Ra6 exd3 35. Rd1 Bc5 36. Rxd3 Re2 37. Bc1 Rc2 38. Bd2 Re7 39. Kf3 g5 40. hxg5 hxg5 41. Rc6 g4+ 42. Kf4 Re2 43. Kxf5 Rxf2+ 44. Bf4 Ba7 45. Rh6+ Kg7 46. Rg6+ Kf7 47. Rf6+ Ke7 48. Ra3 Rc5+ 49. Kg6 Rxf4 50. gxf4 Bb8 51. Raa6 d3 52. Rfe6+ Kd7 53. Re1 d2 54. Rd1 Bxf4 55. Ra4 Be3 56. Re4 Rc1 57. Rxd2+ Bxd2 58. Rd4+ Ke6 59. Rxd2 Rg1 60. Kg5 g3 61. Kf4 g2 62. Kg3 Ra1 63. Rxg2 Ke5 64. Re2+ Kf5 65. Rf2+ Kg5 66. Rf3 Ra2 67. Re3 Ra1 68. Rc3 Rg1+ 69. Kf2 Rg4 70. Kf3 Rf4+ 71. Ke3 Rf5 72. Rc4 Kf6 73. Rd4 Re5+ 74. Kd3 Re6 75. Re4 Rd6+ 76. Rd4 Ra6 77. Re4 Ra3+ 78. Kd2 Kf5 79. Re8 Kf4 80. Kc2 Rh3 81. Kd2 Rf3 82. Kc2 Re3 83. Rxe3 Kxe3 1/2-1/2


[Site "https://www.chess.com"]

[Event "Titled Tuesday Blitz June 6 Early 2023"]
[White "Samaganova, Aleksandra"]
[Black "Begunov, Konstantin"]
[WhiteFideId "13800221"]
[BlackFideId "4118510"]
[WhiteElo "1858"]
[BlackElo "1993"]
[Result "1-0"]
[Round "10"]
[TimeControl "180+2"]
[Date "2023.06.06"]
[WhiteClock "0:00:13"]
[BlackClock "0:00:04"]
[Board "113"]

1. c4 c6 2. Nf3 d5 3. e3 Nf6 4. Nc3 a6 5. b3 Bg4 6. Be2 e6 7. Bb2 Nbd7 8. O-O Bd6 9. d4 Qe7 10. Qc2 Bf5 11. Bd3 Bxd3 12. Qxd3 O-O 13. e4 dxe4 14. Nxe4 Ba3 15. Nxf6+ Nxf6 16. Bc3 Rfd8 17. Qc2 a5 18. Rab1 Bb4 19. Ba1 b5 20. Ne5 Rdc8 21. Rbc1 Qd8 22. Rfd1 Ba3 23. Rb1 Bd6 24. Nf3 a4 25. Qe2 axb3 26. axb3 Qa5 27. d5 cxd5 28. Bxf6 gxf6 29. cxd5 e5 30. Nh4 Qb4 31. Nf5 Bf8 32. d6 Rd8 33. d7 Ra7 34. Rd3 Raxd7 35. Rg3+ Kh8 36. h3 Qf4 37. Qh5 1-0


[Site "https://www.chess.com"]

[Event "Titled Tuesday Blitz June 6 Early 2023"]
[White "Fernandez Siles, Luis"]
[Black "Antonova, Nadezhda"]
[WhiteFideId "2209420"]
[BlackFideId "14700182"]
[WhiteElo "2195"]
[BlackElo "1795"]
[Result "0-1"]
[Round "10"]
[TimeControl "180+2"]
[Date "2023.06.06"]
[WhiteClock "0:01:40"]
[BlackClock "0:02:13"]
[Board "114"]

1. d4 Nf6 2. c4 g6 3. Nc3 Bg7 4. e4 d6 5. Nf3 O-O 6. Be2 e5 7. O-O Nc6 8. d5 Ne7 9. b4 c6 10. a4 a5 11. bxa5 c5 12. Nd2 Rxa5 13. f4 exf4 14. Nb3 Ra8 15. Bxf4 Nh5 16. Bd2 Nf6 17. Rb1 Nd7 18. Nc1 Ne5 19. Nb5 f5 20. exf5 Bxf5 21. Bc3 Bxb1 22. Rxf8+ Bxf8 0-1


[Site "https://www.chess.com"]

[Event "Titled Tuesday Blitz June 6 Early 2023"]
[White "Schuh, Karsten"]
[Black "Amitpal, Singh"]
[WhiteFideId "4637950"]
[BlackFideId "5012899"]
[WhiteElo "2177"]
[BlackElo "2107"]
[Result "1-0"]
[Round "10"]
[TimeControl "180+2"]
[Date "2023.06.06"]
[WhiteClock "0:00:11"]
[BlackClock "0:00:09"]
[Board "115"]

1. Nf3 c5 2. c4 Nc6 3. g3 g6 4. Bg2 Bg7 5. O-O e6 6. Nc3 Nge7 7. d4 cxd4 8. Nb5 O-O 9. Nfxd4 d5 10. cxd5 exd5 11. Nxc6 bxc6 12. Nd4 c5 13. Nb3 Qb6 14. Bg5 f6 15. Be3 d4 16. Bxa8 dxe3 17. f4 Rd8 18. Qc1 c4 19. Qxc4+ Be6 20. Qe4 f5 21. Qg2 Qb8 22. Bf3 Bxb2 23. Rab1 Bf6 24. Nc5 Qd6 25. Nb7 Qb8 26. Nxd8 Qxd8 27. Rfd1 Qa5 28. Rd6 Qxa2 29. Rbd1 Kf7 30. h4 h5 31. Qf1 Qa3 32. Kh2 a5 33. R1d3 Qc5 34. Qd1 Bc4 35. Rxf6+ Kxf6 36. Qa1+ Kf7 37. Rc3 Qb4 38. Qc1 Be6 39. Rxe3 a4 40. Qc6 Qc4 41. Qxc4 Bxc4 42. Rc3 Bb3 43. Bc6 Ke6 44. Be8 Kd6 45. Kg2 Bd5+ 46. Kf2 Nc6 47. Bxc6 Bxc6 48. Ke3 Bd5 49. Kd4 Bb3 50. e4 fxe4 51. Kxe4 Ke6 52. Rc6+ Kf7 53. Ra6 Kg7 54. Ke5 Kh6 55. f5 Bc2 56. f6 Kh7 57. Ra7+ Kg8 58. Ke6 Bb3+ 59. Ke7 Kh7 60. f7 g5 61. hxg5 Bxf7 62. Kxf7 h4 63. g6+ Kh6 64. gxh4 a3 65. Ra4 a2 66. Rxa2 Kh5 67. g7 Kh6 68. g8=Q 1-0


[Site "https://www.chess.com"]

[Event "Titled Tuesday Blitz June 6 Early 2023"]
[White "Sanchez, Robert"]
[Black "Camilla_Lee"]
[WhiteFideId "2034360"]
[WhiteElo "1830"]
[BlackElo "2488"]
[Result "0-1"]
[Round "10"]
[TimeControl "180+2"]
[Date "2023.06.06"]
[WhiteClock "0:00:20"]
[BlackClock "0:01:13"]
[Board "116"]

1. Nf3 Nf6 2. e3 g6 3. c4 Bg7 4. Nc3 d5 5. d4 O-O 6. cxd5 Nxd5 7. Be2 c5 8. O-O cxd4 9. Nxd4 Nxc3 10. bxc3 Qa5 11. Qb3 Nd7 12. Ba3 Nc5 13. Qb4 Qxb4 14. Bxb4 Ne4 15. f3 Nd6 16. Nb5 Nxb5 17. Bxb5 Be6 18. Bxe7 Rfc8 19. a4 Bxc3 20. Rac1 Bd2 21. Rxc8+ Rxc8 22. e4 Be3+ 23. Kh1 Kg7 24. f4 a6 25. f5 Bc4 26. f6+ Kh6 27. Bxc4 Rxc4 28. h3 Rxe4 29. g4 Rxa4 30. Kg2 g5 31. Rd1 Rd4 32. Re1 Bf4 33. Rb1 b5 34. Ra1 Rd2+ 35. Kf3 Rd3+ 36. Ke4 Re3+ 37. Kd5 Rxh3 38. Rxa6 Rg3 0-1


[Site "https://www.chess.com"]